 Dungeon Crawl Stone Soup version 0.30-a0-1053-gbd8d5ba0ad (webtiles) character file.

Game seed: 16038451119090165225

2419 qeuew the Grappler (level 9, -3/82 (88) HPs)
             Began as a Troll Fighter on Apr 11, 2023.
             Killed from afar by Maggie (12 damage)
             ... with a bolt of fire
             ... on level 7 of the Dungeon.
             The game lasted 00:06:04 (4461 turns).

qeuew the Grappler (Troll Fighter)                  Turns: 4461, Time: 00:06:05

HP:   -3/82 (88)    AC:  7    Str: 28    XL:     9   Next: 24%
MP:   8/8           EV:  7    Int:  4    God:
Gold: 225           SH: 10    Dex: 11    Spells: 8/8 levels left

rFire   . . .      SeeInvis .      - Unarmed
rCold   . . .      Faith    .    b - +1 kite shield
rNeg    + . .      Spirit   .    a - +0 robe
rPois   .          Reflect  .    (helmet restricted)
rElec   +          Rampage  .    p - +2 cloak
rCorr   .                        (gloves unavailable)
Will    .....                    (boots unavailable)
Stlth   +                        (no amulet)
HPRegen 1.93/turn                h - ring of positive energy
MPRegen 0.11/turn                (no ring)

@: about to teleport, grasped by roots, mesmerised, constricted, drained
A: large, unfitting armour, claws 3, regeneration 2, shaggy fur 1, tough skin 1,
electricity resistance, no potion heal 1
a: no special abilities


You were on level 7 of the Dungeon.
You visited 2 branches of the dungeon, and saw 8 of its levels.

You collected 225 gold pieces.

Inventory:

Armour
 a - a +0 robe (worn)
 b - a +1 kite shield (worn)
 p - a +2 cloak (worn)
Jewellery
 h - a ring of positive energy (left claw)
Wands
 k - a wand of digging (8)
 l - a wand of flame (21)
 n - a wand of roots (20)
 r - a wand of charming (14)
 s - a wand of polymorph (5)
Potions
 c - a potion of might
 e - a potion of haste
 f - 2 potions of berserk rage
 j - 2 potions of curing
 m - a potion of resistance
 o - a potion of brilliance
 u - a potion of cancellation


   Skills:
 + Level 5.2 Fighting
 + Level 5.2 Dodging
 + Level 5.7 Shields
 * Level 8.1 Unarmed Combat


You had 8 spell levels left.
You didn't know any spells.
Your spell library contained the following spells:

 Spells                   Type           Power      Damage    Failure   Level
 Slow                     Hex            0%         N/A       77%         1
 Summon Small Mammal      Summ           0%         N/A       77%         1
 Sublimation of Blood     Necr           0%         N/A       88%         2
 Wereblood                Tmut           0%         N/A       88%         2
 Call Canine Familiar     Summ           0%         N/A       98%         3
 Confusing Touch          Hex            0%         N/A       98%         3
 Summon Guardian Golem    Hex/Summ       0%         N/A       98%         3
 Vampiric Draining        Necr           0%         2d6       98%         3
 Olgreb's Toxic Radiance  Pois           0%         N/A       100%        4
 Summon Lightning Spire   Summ/Air       0%         N/A       100%        4
 Storm Form               Tmut/Air       0%         N/A       100%        7
 Summon Hydra             Summ           0%         N/A       100%        7
 Discord                  Hex            0%         N/A       100%        8
 Ignition                 Fire           0%         3d3       100%        8
 Maxwell's Capacitive Co  Air            0%         ∞         100%        8


Dungeon Overview and Level Annotations

Branches:
Dungeon (7/15)             Temple (1/1) D:4

Altars:
Ashenzari
Cheibriados
Dithmenos
Elyvilon
Gozag
Hepliaklqana
Kikubaaqudgha
Makhleb
Nemelex Xobeh
Okawaru
Qazlal
Ru
Trog
Uskayaw
Vehumet
Wu Jian
Yredelemnul
Zin
The Shining One

Shops:
D:1 ?   D:2 =

Annotations:
D:7 Maggie


Innate Abilities, Weirdness & Mutations

You are too large for most types of armour.
You have claws for hands.
You heal very quickly.
You are covered in fur. (AC +1)
You have tough skin. (AC +1)
You are resistant to electric shocks. (rElec)
Potions are less effective at restoring your health.


Message History

The wight hits you with a +3 spear. You partially resist.
You feel drained.
The grasping roots release their grip on you.
You scratch Maggie.
Maggie is moderately wounded.
Your butterfly disappears in a burst of colours!
Maggie zaps a wand.
The roots erupt in riotous growth!
The grasping roots grab you!
The wight is unaffected. x2; Maggie is unaffected.
The grasping roots constrict you. The wight hits you with a +2 trident!
The wight hits you with a +3 spear. You partially resist.
You feel drained.
You scratch Maggie but do no damage.
Maggie is moderately wounded.
Maggie hits you with a +0 broad axe of pain!
The grasping roots constrict you.
* * * LOW HITPOINT WARNING * * *
The wight closely misses you.
The wight hits you but does no damage. x2
You are too injured to fight recklessly!
You are too injured to fight recklessly!
You are too injured to fight recklessly!
You are too injured to fight recklessly!
You are too injured to fight recklessly!
Unknown command.
Your system partially rejects the healing.
You feel better.
Maggie hits you with a +0 broad axe of pain!
* * * LOW HITPOINT WARNING * * *
You writhe in agony.
* * * LOW HITPOINT WARNING * * *
Maggie closely misses your butterfly. The grasping roots constrict you.
* * * LOW HITPOINT WARNING * * *
The wight hits you with a +2 trident.
* * * LOW HITPOINT WARNING * * *
The wight barely misses you. The wight hits you with a +3 spear!
* * * LOW HITPOINT WARNING * * *
As you read the scroll of teleportation, it crumbles to dust.
You feel strangely unstable.
Your butterfly disappears in a burst of colours!
Maggie gestures at you while chanting. The bolt of fire hits you!
You die...

### #........... #####
#.............# #.... .
#......b......# #.... ..
#.............# #....
...#..b[..b......###....
#.....bb.#........#....
#....zz@...............
#....z@..............#.
#.#.####.............#.
.###........b....#.
........†..#####..#.
.##.###.##....##..## #.
...........>.# #
##.##########.# #(
....####.# #. #.b.b.b.#


You could see Maggie (mesmerising) and 3 wights.

Vanquished Creatures
  Prince Ribbit (D:6)
  Sigmund (D:5)
  Eustachio (D:6)
  Menkaure (D:6)
  A steam dragon (D:7)
  Duvessa (D:6)
  A water moccasin (D:6)
  2 black bears (D:6)
  A centaur (D:6)
  2 ogres
  A phantom (D:6)
  A kobold brigand (D:6)
  Blork the orc (D:5)
  A gnoll sergeant (D:6)
  3 scorpions
  A bullfrog (D:6)
  Dowan (D:6)
  A wight (D:7)
  A howler monkey (D:6)
  2 jellies
  Crazy Yiuf (D:5)
  A hound (D:6)
  2 iguanas (D:5)
  A sleepcap (D:5)
  5 gnolls (D:6)
  6 adders
  An ufetubus (D:5)
  A worm (D:3)
  2 dart slugs
  12 orcs
  4 ball pythons
  5 endoplasms
  2 giant cockroaches
  2 goblins
  2 hobgoblins (D:1)
  8 jackals
  16 kobolds
  6 quokkas
  5 bats
  4 frilled lizards
  9 rats
120 creatures vanquished.

Vanquished Creatures (others)
  3 plants
3 creatures vanquished.

Grand Total: 123 creatures vanquished

Notes
Turn   | Place    | Note
-------+----------+-------------------------------------------
     0 | D:1      | qeuew the Troll Fighter began the quest for the Orb.
     0 | D:1      | Reached XP level 1. HP: 22/22 MP: 0/0
    98 | D:1      | Found Qihety's Magic Scroll Emporium.
   127 | D:1      | Reached XP level 2. HP: 29/29 MP: 1/1
   743 | D:2      | Reached XP level 3. HP: 31/36 MP: 2/2
   986 | D:2      | Found Fojeats's Jewellery Emporium.
  1097 | D:2      | Found a faded altar of an unknown god.
  1163 | D:2      | Gained mutation: Potions are less effective at restoring
                  | your health. [potion of mutation]
  1163 | D:2      | Gained mutation: You are weak. (Str -2) [potion of
                  | mutation]
  1163 | D:2      | Gained mutation: You are dopey. (Int -2) [potion of
                  | mutation]
  1163 | D:2      | Gained mutation: You have hidden genetic potential. [potion
                  | of mutation]
  1179 | D:3      | Reached skill level 3 in Unarmed Combat
  1201 | D:3      | Lost mutation: You have hidden genetic potential. [potion
                  | of mutation]
  1201 | D:3      | Lost mutation: You are dopey. (Int -2) [potion of mutation]
  1201 | D:3      | Lost mutation: You are weak. (Str -2) [potion of mutation]
  1201 | D:3      | Gained mutation: You are resistant to electric shocks.
                  | (rElec) [potion of mutation]
  1201 | D:3      | Gained mutation: You heal very quickly. [potion of
                  | mutation]
  1210 | D:3      | Reached XP level 4. HP: 44/44 MP: 3/3
  1877 | D:4      | Noticed a scorpion
  1894 | D:4      | Killed a scorpion
  1895 | D:4      | Reached XP level 5. HP: 53/53 MP: 4/4
  1946 | D:4      | Found a staircase to the Ecumenical Temple.
  1996 | Temple   | Entered the Ecumenical Temple
  2758 | D:5      | Entered Level 5 of the Dungeon
  2795 | D:5      | Found a sparkling altar of Nemelex Xobeh.
  2811 | D:5      | Noticed an ogre
  2815 | D:5      | Killed an ogre
  2816 | D:5      | Reached skill level 4 in Unarmed Combat
  2816 | D:5      | Reached XP level 6. HP: 61/61 MP: 5/5
  2850 | D:5      | Noticed Sigmund
  2855 | D:5      | Killed Sigmund
  2871 | D:5      | Found an iron altar of Okawaru.
  2915 | D:5      | Found a sacrificial altar of Ru.
  2963 | D:5      | Found a runed translucent door.
  2964 | D:5      | Noticed Crazy Yiuf
  3020 | D:5      | Reached skill level 5 in Unarmed Combat
  3024 | D:5      | Reached XP level 7. HP: 62/68 MP: 6/6
  3042 | D:5      | Found a basalt altar of Yredelemnul.
  3238 | D:5      | Noticed Blork the orc
  3242 | D:5      | Killed Blork the orc
  3350 | D:5      | Killed Crazy Yiuf
  3401 | D:6      | Noticed Eustachio
  3416 | D:6      | Killed Eustachio
  3481 | D:6      | Reached skill level 6 in Unarmed Combat
  3574 | D:6      | Reached XP level 8. HP: 24/78 MP: 7/7
  3719 | D:6      | Noticed Menkaure
  3730 | D:6      | Killed Menkaure
  3766 | D:6      | Reached skill level 5 in Shields
  3796 | D:6      | Reached skill level 7 in Unarmed Combat
  3818 | D:6      | Noticed Dowan
  3818 | D:6      | Noticed Duvessa
  3836 | D:6      | Killed Duvessa
  3838 | D:6      | Killed Dowan
  3984 | D:6      | Noticed Prince Ribbit
  4002 | D:6      | Killed Prince Ribbit
  4003 | D:6      | Reached skill level 5 in Fighting
  4003 | D:6      | Reached skill level 5 in Dodging
  4003 | D:6      | Reached XP level 9. HP: 78/88 MP: 8/8
  4399 | D:7      | Reached skill level 8 in Unarmed Combat
  4448 | D:7      | Noticed Maggie
  4461 | D:7      | Killed from afar by Maggie

Illustrated notes

Levels and vault maps discovered:
D:1:      denvon_arrival_planthouse, layout_rooms, serial_shops,
          nicolae_shop_trees, serial_corexii_hall,
          chequers_hall_statues_corner_a, corexii_hall_statues_x,
          chequers_hall_statues_corner_a, corexii_hall_statues_t
D:2:      layout_rooms, serial_shops, shop, shapermc_ecumenical_altar_hornbeckon
D:3:      layout_basic, serial_bayou_pond_b
D:4:      layout_loops_ring, minmay_temple_entry_ruins, kennysheep_doodads
D:5:      layout_basic, kennysheep_mini_moat, mainiacjoe_overflow_catwalk,
          mainiacjoe_overflow_surrounded_room, mainiacjoe_overflow_24_doors,
          uniq_sigmund, uniq_crazy_yiuf_cottage, uniq_blork_the_orc
D:6:      layout_loops_ring, uniq_eustachio, uniq_prince_ribbit1, uniq_duvessa,
          uniq_menkaure
D:7:      corexii_shantytown, layout_basic, uniq_maggie
Temple:   eino_temple_scatter_basement

Skill      XL: |  1  2  3  4  5  6  7  8  9 |
---------------+----------------------------+-----
Shields        | 3 4 5 |  5.7
Unarmed Combat | 3 4 5 6 7 8 |  8.1
Fighting       | 3 4 5 |  5.2
Dodging        | 3 4 5 |  5.2

Action                     |  1- 3 |  4- 6 |  7- 9 || total
---------------------------+-------+-------+-------++-------
  Melee: Unarmed           |   125 |   119 |   179 ||   423
    Use: Scroll            |     8 |     3 |     7 ||    18
         Potion            |     4 |       |     3 ||     7
   Stab: Sleeping          |     1 |     1 |       ||     2
 Armour: Robe              |    41 |    30 |    48 ||   119
  Dodge: Dodged            |    49 |    30 |    74 ||   153
  Block: Kite shield       |    46 |    35 |    74 ||   155

Table legend: (Time is in decaauts)
 A = Elapsed time spent in this place.
 B = Non-inter-level travel time spent in this place.
 C = Inter-level travel time spent in this place.
 D = Time resting spent in this place.
 E = Time spent auto-exploring this place.
 F = Levels seen in this place.
 G = Mean time per level.
                   A        B        C        D        E       F      G
               +--------+--------+--------+--------+--------+-----+--------+
         Total |   4479 |   4248 |    231 |     48 |   3324 |   8 |  559.9 |
       Dungeon |   4334 |   4110 |    224 |     48 |   3201 |   7 |  619.1 |
        Temple |    145 |    138 |      7 |      0 |    123 |   1 |  145.0 |
               +--------+--------+--------+--------+--------+-----+--------+

Top non-repeatable levels by time:
     D:6: 869 daAuts
     D:4: 749 daAuts
     D:1: 729 daAuts
     D:3: 671 daAuts
     D:5: 639 daAuts
     D:2: 481 daAuts
     D:7: 194 daAuts
  Temple: 145 daAuts
